 Dungeon Crawl Stone Soup version 0.32-a0-701-g6677626 (webtiles) character file.

Game seed: 8562256925378337691

112 Toastz the Sneak (level 4, -11/21 HPs)
             Began as a Vine Stalker Enchanter on Mar 13, 2024.
             Was an Initiate of Dithmenos.
             Mangled by Menkaure (14 damage)
             ... on level 4 of the Dungeon.
             The game lasted 00:05:57 (2744 turns).

Toastz the Sneak (Vine Stalker Enchanter)           Turns: 2744, Time: 00:05:58

Health: -11/21     AC:  9    Str: 11    XL:     4   Next: 93%
Magic:  0/8        EV: 11    Int: 17    God:    Dithmenos [......]
Gold:   138        SH:  0    Dex: 14    Spells: 2/7 levels left

rFire   . . .        b - +5 short sword (protect)
rCold   . . .        (no shield)
rNeg    . . .        q - +0 robe
rPois   .            (no helmet)
rElec   .            f - scarf {+Inv}
rCorr   .            u - +0 pair of gloves
SInv    .            h - +1 pair of boots
Will    .....        (no amulet)
Stlth   +++          s - ring of flight
HPRegen 1.03/turn    w - +4 ring of protection
MPRegen 0.11/turn

%: guardian spirit
@: flying, invisible
A: fangs 2, regeneration 1, magic shield, antimagic bite, no potion heal 2
a: Renounce Religion, Evoke Invisibility


You were on level 4 of the Dungeon.
You worshipped Dithmenos.
Dithmenos was noncommittal.
You visited 2 branches of the dungeon, and saw 5 of its levels.

You collected 138 gold pieces.

Inventory:

Hand Weapons
 a - a +1 dagger
 b - a +5 short sword of protection (weapon)
Missiles
 i - 8 poisoned darts (quivered)
 x - 6 javelins
Armour
 f - a scarf of invisibility (worn)
 h - a +1 pair of boots (worn)
 q - a +0 robe (worn)
 u - a +0 pair of gloves (worn)
 v - a +0 cloak
Jewellery
 s - a ring of flight (left hand)
 w - a +4 ring of protection (right hand)
Scrolls
 d - 2 scrolls of teleportation {unknown}
 e - a scroll of poison {unknown}
 j - a scroll of immolation {unknown}
 m - 2 scrolls of vulnerability
 o - a scroll of blinking {unknown}
 p - 2 scrolls of identify
 r - 2 scrolls of butterflies {unknown}
 t - a scroll of fog {unknown}
Potions
 c - 2 potions of invisibility
 g - 2 potions of magic {unknown}
 k - a potion of curing {unknown}
 l - a potion of resistance {unknown}
 n - 2 potions of haste {unknown}


   Skills:
 + Level 0.5 Fighting
 + Level 1.6 Short Blades
 + Level 2.1 Dodging
 - Level 4.1 Stealth
 - Level 2.1 Spellcasting
 * Level 4.1 Hexes
 + Level 1.4 Ice Magic


You had 2 spell levels left.
You knew the following spells:

 Your Spells              Type           Power      Damage    Failure   Level
a - Ensorcelled Hibernat  Hex/Ice        22%        N/A       10%         2
b - Confusing Touch       Hex            15%        N/A       11%         3

Your spell library contained the following spells:

 Spells                   Type           Power      Damage    Failure   Level
 Jinxbite                 Hex            30%        N/A       5%          2
 Magic Dart               Conj           4%         1d3       19%         1
 Blink                    Tloc           2%         N/A       28%         2
 Call Imp                 Summ           2%         N/A       28%         2
 Lesser Beckoning         Tloc           2%         N/A       28%         2
 Tukima's Dance           Hex            15%        N/A       11%         3
 Dazzling Flash           Conj/Hex       16%        N/A       24%         3
 Cause Fear               Hex            7%         N/A       34%         4
 Fugue of the Fallen      Necr           1%         N/A       50%         3
 Gell's Gravitas          Tloc           1%         N/A       50%         3
 Teleport Other           Tloc           1%         N/A       50%         3
 Anguish                  Hex/Necr       4%         N/A       63%         4
 Yara's Violent Unravell  Hex/Alch       4%         3d4       92%         5
 Dispersal                Tloc           0%         N/A       100%        6
 Enfeeble                 Hex            7%         N/A       100%        7


Dungeon Overview and Level Annotations

Branches:
Dungeon (4/15)             Temple (1/1) D:4

Altars:
Ashenzari
Cheibriados
Dithmenos
Elyvilon
Fedhas
Gozag
Hepliaklqana
Kikubaaqudgha
Makhleb
Nemelex Xobeh
Okawaru
Qazlal
Ru
Sif Muna
Trog
Uskayaw
Vehumet
Wu Jian
Xom
Yredelemnul
Zin
The Shining One
Jiyva

Annotations:
D:4 Menkaure, Robin, Sigmund


Innate Abilities, Weirdness & Mutations

You have extremely sharp teeth.
Your natural rate of healing is unusually fast.
When hurt, damage is shared between your health and your magic reserves.
Your bite disrupts and absorbs the magic of your enemies.
Potions cannot restore your health.


Message History

You hit the goblin.
Your weapon exudes an aura of protection.
You kill the goblin!
Dithmenos accepts your kill. The goblin hits you but does no damage.
Sigmund casts a spell.
Sigmund flickers and vanishes!
Deactivating autopickup; reactivate with Ctrl-A.
You hit the goblin. You bite the goblin, but do no damage.
The goblin is moderately wounded.
Robin throws the goblin at you! The goblin hits you but does no damage.
You completely miss the goblin. Your bite misses the goblin.
You puncture the goblin!
You kill the goblin!
Dithmenos accepts your kill. The goblin closely misses you.
You closely miss the goblin. You bite the goblin, but do no damage.
The goblin is moderately wounded.
Robin roars a battlecry!
The goblins go into a battle-frenzy!
The goblin misses you.
Casting: Ensorcelled Hibernation (safe; 10% risk of failure)
Confirm with . or Enter, or press ? or * to list all spells.
Your hands begin to glow red.
The goblin misses you. Menkaure hits you!
Ouch! That really hurt!
As you read the scroll labelled SOBANLI RUVOBI, it crumbles to dust.
It is a scroll of identify.
m - 2 scrolls of vulnerability The goblin misses you.
Menkaure hits you!
* * * LOW HITPOINT WARNING * * *
Okay, then.
You fade into invisibility!
The goblin hits you but does no damage.
You hit Menkaure but do no damage.
Menkaure appears confused.
You bite Menkaure.
Menkaure's magic leaks into the air.
You drain his magic.
You feel invigorated.
Menkaure is lightly damaged.
The goblin closely misses you. Menkaure hits you!
Ouch! That really hurt!
You die...

...#### ###.#..#
......# #......#
..###.########......#
..# #.......##......#
..####......##.....##
....###.....##......#
....# #.....##....!.#
....######....gM)...#
...........###.#@####
##.#######.# #.#g# #.#
#.# #.#gg
#.#######.###.#ggg
#.##.......##......
#.##.#.....####.....
#.#..........##......
#...#.#....#.##.######
##...#.###....#


You could see Menkaure (confused, magic disrupted), a hobgoblin (strong, unable
to see you) and 6 goblins.

Vanquished Creatures
  A bombardier beetle (D:4)
  3 adders
  A dart slug (D:2)
  2 ribbon worms (D:3)
  3 bats
  3 endoplasms
  6 giant cockroaches
  2 goblins (D:4)
  8 hobgoblins
  3 quokkas
  4 ball pythons
  A frilled lizard (D:1)
  4 kobolds
  4 rats
45 creatures vanquished.

Notes
Turn   | Place    | Note
-------+----------+-------------------------------------------
     0 | D:1      | Toastz the Vine Stalker Enchanter began the quest for the
                  | Orb.
     0 | D:1      | Reached XP level 1. HP: 9/9 MP: 4/4
   121 | D:1      | Reached skill level 1 in Short Blades
   181 | D:1      | Reached XP level 2. HP: 13/13 MP: 6/6
   261 | D:1      | Learned a level 2 spell: Ensorcelled Hibernation
   633 | D:1      | Found a faded altar of an unknown god.
   934 | D:2      | Reached XP level 3. HP: 14/16 MP: 4/7
   938 | D:2      | Learned a level 3 spell: Confusing Touch
  1095 | D:2      | Reached skill level 1 in Ice Magic
  1380 | D:2      | Reached XP level 4. HP: 21/21 MP: 8/8
  2048 | D:3      | Found a shadowy altar of Dithmenos.
  2051 | D:3      | Found an ornate altar of the Wu Jian Council.
  2056 | D:3      | Found a sparkling altar of Nemelex Xobeh.
  2057 | D:3      | Found a glowing golden altar of the Shining One.
  2057 | D:3      | Found a basalt altar of Yredelemnul.
  2057 | D:3      | Found a white marble altar of Elyvilon.
  2058 | D:3      | Found a hazy altar of Hepliaklqana.
  2059 | D:3      | Found a burning altar of Makhleb.
  2060 | D:3      | Found a broken altar of Ashenzari.
  2061 | D:3      | Found a sacrificial altar of Ru.
  2062 | D:3      | Found an iron altar of Okawaru.
  2071 | D:3      | Became a worshipper of Dithmenos the Shadowed
  2655 | D:4      | Found a staircase to the Ecumenical Temple.
  2684 | Temple   | Entered the Ecumenical Temple
  2733 | D:4      | Noticed Menkaure
  2734 | D:4      | Noticed Robin
  2735 | D:4      | Noticed Sigmund
  2742 | D:4      | HP: 1/21 [Menkaure (8)]
  2744 | D:4      | Mangled by Menkaure

Illustrated notes

Levels and vault maps discovered:
D:1:      dpeg_arrival_rhombus, layout_basic, shapermc_ecumenical_altar_petra,
          nicolae_concentric_dashed_squares_wild,
          hangedman_decor_clover_reticule, hangedman_decor_opposing,
          amethyst_killhole, corexii_item_surrounded_by_moat
D:2:      layout_basic, grunt_ministairs_3
D:3:      layout_loops_corners, minitemple, serial_aquarium,
          aquarium_bridge_long_joined [aquarium_subvault_window,
          aquarium_subvault_wall, aquarium_subvault_balcony,
          aquarium_subvault_balcony, aquarium_subvault_bridge,
          aquarium_subvault_wall], aquarium_bridge_straight
          [aquarium_subvault_bridge, aquarium_subvault_balcony,
          aquarium_subvault_bridge, aquarium_subvault_window],
          aquarium_window_1, aquarium_window_fake, aquarium_window_1,
          aquarium_view_2e, aquarium_balcony_5b, aquarium_pool_1
D:4:      layout_basic, minmay_temple_entry_slanted, uniq_menkaure,
          uniq_sigmund, uniq_robin
Temple:   pf_slime_end_temple

Skill      XL: |  1  2  3  4 |
---------------+-------------+-----
Short Blades   | 1 |  1.6
Stealth        | 4 |  4.1
Ice Magic      | 1 |  1.4
Dodging        | 2 |  2.1
Hexes          | 4 |  4.1
Fighting       | |  0.5
Spellcasting   | |  2.1

Action                     |  1- 3 |  4- 6 || total
---------------------------+-------+-------++-------
  Melee: Dagger            |    80 |       ||    80
         Bite              |    17 |    14 ||    31
         Short sword       |     9 |    36 ||    45
   Cast: Ensorcelled Hiber |     7 |     3 ||    10
         Confusing Touch   |       |     1 ||     1
    Use: Scroll            |       |     1 ||     1
         Potion            |       |     1 ||     1
   Stab: Sleeping          |    17 |     2 ||    19
 Armour: Robe              |    32 |    23 ||    55
  Dodge: Dodged            |    49 |    18 ||    67

Table legend: (Time is in decaauts)
 A = Elapsed time spent in this place.
 B = Non-inter-level travel time spent in this place.
 C = Inter-level travel time spent in this place.
 D = Time resting spent in this place.
 E = Time spent auto-exploring this place.
 F = Levels seen in this place.
 G = Mean time per level.
                   A        B        C        D        E       F      G
               +--------+--------+--------+--------+--------+-----+--------+
         Total |   2735 |   2555 |    180 |     36 |   2046 |   5 |  547.0 |
       Dungeon |   2733 |   2553 |    180 |     36 |   2046 |   4 |  683.2 |
        Temple |      1 |      1 |      0 |      0 |      0 |   1 |    1.0 |
               +--------+--------+--------+--------+--------+-----+--------+

Top non-repeatable levels by time:
     D:3: 988 daAuts
     D:2: 828 daAuts
     D:1: 811 daAuts
     D:4: 105 daAuts
  Temple: 1 daAuts
